 Dungeon Crawl Stone Soup version 0.28.0 (webtiles) character file.

Game seed: 9763209575238957959

12 browni3141 the Skirmisher (level 2, 0/40 HPs)
             Began as a Minotaur Berserker on Feb 15, 2022.
             Was a Follower of Trog.
             Slain by a kobold (4 damage)
             ... on level 1 of the Dungeon.
             The game lasted 00:00:07 (369 turns).

browni3141 the Skirmisher (Minotaur Berserker)       Turns: 369, Time: 00:00:07

Health: 0/40       AC:  2    Str: 21    XL:     2   Next: 20%
Magic:  1/1        EV: 12    Int:  4    God:    Trog [*.....]
Gold:   0          SH:  0    Dex:  9    Spells: 1/1 levels left

rFire   . . .      SeeInvis .   a - +0 hand axe
rCold   . . .      Faith    .   (no shield)
rNeg    . . .      Spirit   .   b - +0 animal skin
rPois   .          Reflect  .   (helmet restricted)
rElec   .          Harm     .   (no cloak)
rCorr   .          Rampage  .   (no gloves)
Will    .....                   (no boots)
Stlth   ..........              (no amulet)
HPRegen 0.13/turn               (no ring)
MPRegen 0.07/turn               (no ring)

@: berserking, very quick
A: horns 2, retaliatory headbutt
a: Renounce Religion, Berserk


You were on level 1 of the Dungeon.
You worshipped Trog.
Trog was aware of your devotion.
You visited 1 branch of the dungeon, and saw 1 of its levels.

Inventory:

Hand Weapons
 a - a +0 hand axe (weapon)
Armour
 b - a +0 animal skin (worn)


   Skills:
 + Level 3.8 Fighting
 + Level 3.8 Axes
 + Level 2.7 Armour
 + Level 2.4 Dodging


You had one spell level left.
You didn't know any spells.
Your spell library was empty.

Dungeon Overview and Level Annotations

Branches:
Dungeon (1/15)

Altars:


Innate Abilities, Weirdness & Mutations

You have a pair of horns on your head.
You reflexively headbutt those who attack you in melee.


Message History

The jackal bites you. The jackal barely misses you.
The giant cockroach misses you. The jackal closely misses you.
You furiously retaliate!
You headbutt the jackal.
You kill the jackal!
Trog accepts your kill.
You hit the jackal but do no damage.
You headbutt the jackal, but do no damage.
You hit the giant cockroach but do no damage.
The jackal barely misses you. The giant cockroach bites you.
The jackal bites you. The quokka bites you.
The giant cockroach barely misses you.
You hit the jackal.
You kill the jackal!
Trog accepts your kill.
You hit the quokka but do no damage. You hit the giant cockroach.
The quokka closely misses you.
The kobold throws a stone.
The stone hits you. The giant cockroach closely misses you.
The quokka barely misses you. The giant cockroach misses you.
The hobgoblin hits you with a +0 mace! The goblin hits you with a +0 club.
* * * LOW HITPOINT WARNING * * *
You are too injured to fight recklessly!
You are too injured to fight recklessly!
The giant cockroach bites you.
* * * LOW HITPOINT WARNING * * *
The goblin hits you but does no damage.
You are too injured to fight recklessly!
A red film seems to cover your vision as you go berserk!
You feel yourself moving faster!
You feel mighty! The quokka bites you.
* * * LOW HITPOINT WARNING * * *
The giant cockroach closely misses you. The goblin barely misses you.
The quokka bites you but does no damage.
You barely miss the quokka. You headbutt the quokka.
You kill the quokka!
Trog accepts your kill.
You slash the giant cockroach!
You kill the giant cockroach!
Trog accepts your kill.
You miss the goblin. You hit the kobold. The goblin barely misses you.
The kobold hits you with a +0 short sword.
You die...

####..... . ..#..... ..
#.#.... #.#.#.... #....
#.### ####.#.##...#
#####
........#.#.########....
.......@g....#....##....
.P....Kg†.##......##....
.♣P...............†.....
..P♣....................
..♣P..............##†)..
..........#.#.....##....
..........#.####........
..........#.# #####.....
....## ##..####...


You could see a hobgoblin, a goblin and a kobold.

Vanquished Creatures
  A dart slug (D:1)
  A bat (D:1)
  A giant cockroach (D:1)
  A hobgoblin (D:1)
  3 jackals (D:1)
  A quokka (D:1)
  A ball python (D:1)
  2 kobolds (D:1)
  A rat (D:1)
12 creatures vanquished.

Notes
Turn   | Place    | Note
-------+----------+-------------------------------------------
     0 | D:1      | browni3141 the Minotaur Berserker began the quest for the
                  | Orb.
     0 | D:1      | Reached XP level 1. HP: 19/19 MP: 0/0
   263 | D:1      | Reached XP level 2. HP: 19/27 MP: 1/1
   369 | D:1      | Slain by a kobold

Illustrated notes

Levels and vault maps discovered:
D:1:      minmay_arrival_diagonal_passages, layout_rooms,
          minmay_misc_feat_square, serial_park_tiny_2, minivault_25,
          nicolae_figureground_pulse

Action                   || total
-------------------------++-------
Melee: Hand axe          ||    21
       Headbutt          ||     4
Invok: Berserk           ||     1
Armor: Animal skin       ||     7
Dodge: Dodged            ||    34
